 Dungeon Crawl Stone Soup version 0.30-a0-534-gdc55766716 (webtiles) character file.

Game seed: 13809348564683376474

922 frogmoss10 the Insei (level 8, -1/60 HPs)
             Began as a Merfolk Transmuter on Dec 21, 2022.
             Was a Priest of Wu Jian.
             Slain by a gnoll sergeant
             ... wielding a +2 vorpal mace
              (2 damage)
             ... on level 6 of the Dungeon on Dec 24, 2022.
             The game lasted 00:48:38 (4206 turns).

frogmoss10 the Insei (Merfolk Transmuter)           Turns: 4206, Time: 00:48:38

Health: -1/60      AC:  3    Str: 10    XL:     8   Next: 10%
Magic:  9/11       EV: 13    Int: 15    God:    Wu Jian [***...]
Gold:   261        SH:  0    Dex: 14    Spells: 6/12 levels left

rFire   . . .      SeeInvis +      - Unarmed
rCold   . . .      Faith    .    (no shield)
rNeg    . . .      Spirit   .    t - +0 leather armour
rPois   .          Reflect  .    (helmet restricted)
rElec   .          Harm     .    (no cloak)
rCorr   .          Rampage  .    (no gloves)
Will    .....                    (no boots)
Stlth   ++                       (no amulet)
HPRegen 0.30/turn                (no ring)
MPRegen 0.12/turn                (no ring)

@: about to teleport, wereblooded
A: (nimble swimmer 2), mertail, horns 1, see invisible, MP-powered wands
a: Renounce Religion, Wall Jump, Serpent's Lash


You were on level 6 of the Dungeon.
You worshipped Wu Jian.
Wu Jian was most pleased with you.
You visited 1 branch of the dungeon, and saw 6 of its levels.

You collected 261 gold pieces.

Inventory:

Hand Weapons
 c - a +0 mace of holy wrath
 d - a +0 hand axe
 e - a +0 whip
 f - a +0 scythe
Missiles
 g - 39 stones
 u - 4 boomerangs of dispersal
Armour
 a - a +0 robe
 q - the +3 leather armour "Vyuwimosm" {+Blink +Inv MP-9 Stlth+}
   (You found it on level 7 of the Dungeon)

   MP:        It affects your magic capacity (-9).
   +Inv:      It lets you turn invisible.
   +Blink:    It lets you blink.
   Stlth:     It makes you more stealthy.
 t - a +0 leather armour (worn)
 w - a +0 chain mail
Magical Staves
 y - a staff of conjuration
Jewellery
 l - an amulet of faith
Wands
 b - a wand of flame (20) (quivered)
 s - a wand of iceblast (4)
Scrolls
 i - a scroll of identify
 j - a scroll of noise
 k - a scroll of fog
 o - a scroll of poison
 v - a scroll of immolation
Potions
 h - a potion of brilliance
 p - 2 potions of lignification


   Skills:
 - Level 4.0 Fighting
 + Level 0.1 Maces & Flails
 + Level 1.2 Armour
 + Level 5.1 Dodging
 + Level 2.0 Stealth
 * Level 7.5 Unarmed Combat
 + Level 2.5 Spellcasting
 * Level 3.7 Transmutations
 + Level 0.4 Evocations


You had 6 spell levels left.
You knew the following spells:

 Your Spells              Type           Power      Damage    Failure   Level
a - Beastly Appendage     Tmut           26%        N/A       6%          1
b - Wereblood             Tmut           13%        N/A       9%          2
c - Spider Form           Tmut/Pois      7%         N/A       36%         3

Your spell library contained the following spells:

 Spells                   Type           Power      Damage    Failure   Level
 Ice Form                 Ice/Tmut       7%         N/A       77%         4


Dungeon Overview and Level Annotations

Branches:
Dungeon (7/15)
 Temple: D:4-7

Altars:
Dithmenos
Elyvilon
Kikubaaqudgha
Okawaru
Ru
Sif Muna
Trog
Wu Jian

Annotations:
D:7 exclusions: black bear and 1 more exclusion


Innate Abilities, Weirdness & Mutations

((You are very nimble when in or above water. (Stealth+, EV+, Speed+++)))
Your lower body shifts to a powerful aquatic tail in water.
You have a pair of small horns on your head.
You have supernaturally acute eyesight. (SInv)
You expend magic power (3 MP) to strengthen your wands.


Message History

You continue taking off the +3 leather armour "Vyuwimosm" {+Blink +Inv MP-9 Stlth+}. x4
You finish taking off the +3 leather armour "Vyuwimosm" {+Blink +Inv MP-9 Stlth+}.
You feel your magic capacity increase.
You start putting on your armour.
You continue putting on your +0 leather armour. x5
You finish putting on your +0 leather armour.
Casting: Wereblood (safe; 9% risk of failure)
Confirm with . or Enter, or press ? or * to list all spells.
Okay, then.
Magic restored.
You lunge at the gnoll sergeant, in a flurry of attacks.
The gnoll sergeant blocks your attack.
The gnoll sergeant shouts!
You headbutt the gnoll sergeant, but do no damage.
You hit the gnoll sergeant but do no damage.
The gnoll sergeant hits you with a +2 vorpal mace.
Items here: )) รทรท.
You hit the gnoll sergeant but do no damage.
The gnoll sergeant hits you with a +2 vorpal mace.
Casting: Wereblood (safe; 9% risk of failure)
Confirm with . or Enter, or press ? or * to list all spells.
Your blood is infused with primal strength.
The gnoll sergeant hits you with a +2 vorpal mace!
The gnoll sergeant blocks your attack.
The gnoll sergeant hits you with a +2 vorpal mace!
As you read the scroll of teleportation, it crumbles to dust.
You feel strangely unstable. The gnoll sergeant closely misses you.
Okay, then.
The gnoll sergeant attacks as you move away!
The gnoll sergeant hits you with a +2 vorpal mace!
* * * LOW HITPOINT WARNING * * *
x2
As you read the scroll labelled DOCELO VIMACE, it crumbles to dust.
It is a scroll of amnesia.
Really abort (and waste the scroll)?
Uppercase [Y]es or [N]o only, please.
Really abort (and waste the scroll)?
Okay, then.
The gnoll sergeant hits you with a +2 vorpal mace.
* * * LOW HITPOINT WARNING * * *
You die...

#.........#
#...
#.........#
#...
#.####....#
###' #.#
#....# #. #
#.# #....#
#. #. #.#
#....# #.
#.# #.#
###### #.
###..##.#
#.
#....g@.#
#.
#.##.)###
#. <.....
#. ##.##..#
######. #.
##..
........ #
#..
#....... #.
..###### .#
#.. #..


You could see a gnoll sergeant.

Vanquished Creatures
  Sigmund (D:2)
  A sky beast (D:6)
  A centaur (D:4)
  A bullfrog (D:6)
  2 scorpions
  2 hounds
  2 jellies (D:6)
  2 orc priests
  Ijyb (D:3)
  2 orc wizards (D:3)
  4 gnolls (D:6)
  4 adders
  An ufetubus (D:6)
  2 dart slugs
  9 orcs
  7 bats
  5 endoplasms
  4 giant cockroaches
  3 goblins
  3 hobgoblins
  8 jackals
  4 quokkas
  7 ball pythons
  A frilled lizard (D:3)
  5 kobolds
  5 rats
87 creatures vanquished.

Notes
Turn   | Place    | Note
-------+----------+-------------------------------------------
     0 | D:1      | frogmoss10 the Merfolk Transmuter began the quest for the
                  | Orb.
     0 | D:1      | Reached XP level 1. HP: 15/15 MP: 3/3
   150 | D:1      | Reached XP level 2. HP: 21/21 MP: 3/5
   628 | D:1      | Learned a level 2 spell: Wereblood
   650 | D:1      | Found a faded altar of an unknown god.
   658 | D:1      | Prayed at the altar of an unknown god.
   658 | D:1      | Became a worshipper of the Wu Jian Council
   658 | D:1      | Reached * piety under Wu Jian
   931 | D:2      | Noticed Sigmund
   941 | D:2      | Reached skill level 4 in Unarmed Combat
   945 | D:2      | Reached XP level 3. HP: 26/26 MP: 3/6
   970 | D:2      | Killed Sigmund
   971 | D:2      | Reached skill level 1 in Stealth
   971 | D:2      | Reached skill level 5 in Unarmed Combat
   971 | D:2      | Reached XP level 4. HP: 7/33 MP: 5/7
   971 | D:2      | Reached XP level 5. HP: 8/38 MP: 5/8
  1106 | D:2      | Upgraded the game from 0.30-a0-475-g03497ec522 to
                  | 0.30-a0-476-g330ca2eb8e
  1116 | D:2      | Upgraded the game from 0.30-a0-476-g330ca2eb8e to
                  | 0.30-a0-534-gdc55766716
  1832 | D:3      | Reached ** piety under Wu Jian
  1893 | D:3      | Gained mutation: You are dopey. (Int -2) [potion of
                  | mutation]
  1893 | D:3      | Gained mutation: Your body sometimes deteriorates upon
                  | taking damage. [potion of mutation]
  1893 | D:3      | Lost mutation: Your body sometimes deteriorates upon taking
                  | damage. [potion of mutation]
  1894 | D:3      | Lost mutation: You are dopey. (Int -2) [potion of mutation]
  1894 | D:3      | Gained mutation: You have supernaturally acute eyesight.
                  | (SInv) [potion of mutation]
  1894 | D:3      | Gained mutation: You expend magic power (3 MP) to
                  | strengthen your wands. [potion of mutation]
  1894 | D:3      | Gained mutation: You have a pair of small horns on your
                  | head. [potion of mutation]
  1900 | D:3      | Learned a level 3 spell: Spider Form
  2038 | D:3      | Reached XP level 6. HP: 44/44 MP: 0/9
  2265 | D:3      | Noticed Ijyb
  2290 | D:3      | Killed Ijyb
  2698 | D:3      | Reached skill level 6 in Unarmed Combat
  2939 | D:3      | Reached XP level 7. HP: 50/50 MP: 10/10
  3288 | D:4      | You fall into a shaft and drop 3 floors!
  3309 | D:7      | Identified the +3 leather armour "Vyuwimosm" {+Blink +Inv
                  | MP-9 Stlth+}
  3460 | D:6      | Reached skill level 5 in Dodging
  3662 | D:6      | Reached skill level 1 in Armour
  3662 | D:6      | Reached skill level 7 in Unarmed Combat
  3793 | D:6      | Found a shadowy altar of Dithmenos.
  3795 | D:6      | Found a white marble altar of Elyvilon.
  3802 | D:6      | Found an ornate altar of the Wu Jian Council.
  3803 | D:6      | Found an ancient bone altar of Kikubaaqudgha.
  3805 | D:6      | Reached *** piety under Wu Jian
  3807 | D:6      | Found a sacrificial altar of Ru.
  3808 | D:6      | Found an iron altar of Okawaru.
  3814 | D:6      | Found a bloodstained altar of Trog.
  3815 | D:6      | Found a shimmering blue altar of Sif Muna.
  3824 | D:6      | Noticed a steam dragon
  3826 | D:6      | Reached XP level 8. HP: 52/59 MP: 2/11
  4206 | D:6      | HP: 1/60 [gnoll sergeant/+2 vorpal mace (6)]
  4206 | D:6      | Slain by a gnoll sergeant

Illustrated notes

Levels and vault maps discovered:
D:1:      ebering_trefoil_twist, layout_loops_ring,
          shapermc_ecumenical_altar_mp_highgroup
D:2:      layout_basic, uniq_sigmund
D:3:      minmay_octagon_keep, layout_basic, minmay_misc_feat_square,
          dk_vineyard_1, uniq_ijyb
D:4:      layout_cave_pods
D:6:      gammafunk_cloud_chamber, layout_basic,
          nicolae_overflow_hallway_of_the_gods, mainiacjoe_overflow_24_doors,
          uniq_edmund
D:7:      layout_loops_ring, gammafunk_ghost_icy, kennysheep_flooded_box

Skill      XL: |  1  2  3  4  5  6  7  8 |
---------------+-------------------------+-----
Unarmed Combat | 4 5 6 7 |  7.5
Dodging        | 3 4 5 |  5.1
Transmutations | 3 |  3.7
Stealth        | 1 2 |  2.0
Fighting       | 2 3 4 |  4.0
Armour         | 1 |  1.2
Maces & Flails | |  0.1
Spellcasting   | |  2.5
Evocations     | |  0.4

Action                   |  1- 3 |  4- 6 |  7- 9 || total
-------------------------+-------+-------+-------++-------
Melee: Unarmed           |    58 |   149 |    98 ||   305
       Mace              |     7 |       |       ||     7
       Headbutt          |     1 |    18 |    23 ||    42
       Punch             |     1 |     7 |     3 ||    11
Throw: Stone             |       |     1 |       ||     1
 Cast: Beastly Appendage |     5 |     1 |       ||     6
       Wereblood         |     1 |     3 |     1 ||     5
Invok: Whirlwind         |       |    17 |    10 ||    27
       Lunge             |       |    14 |     6 ||    20
 Abil: Wall Jump         |       |     2 |     6 ||     8
Evoke: Wand              |       |     7 |     1 ||     8
  Use: Potion            |     8 |     4 |     5 ||    17
       Scroll            |     1 |       |    11 ||    12
 Stab: Sleeping          |     1 |       |     4 ||     5
Armor: Robe              |     9 |    16 |       ||    25
       Skin              |    38 |       |     8 ||    46
       Leather armour    |       |     7 |    24 ||    31
       Chain mail        |       |       |    14 ||    14
Dodge: Dodged            |    40 |    81 |    52 ||   173

Table legend: (Time is in decaauts)
 A = Elapsed time spent in this place.
 B = Non-inter-level travel time spent in this place.
 C = Inter-level travel time spent in this place.
 D = Time resting spent in this place.
 E = Time spent auto-exploring this place.
 F = Levels seen in this place.
 G = Mean time per level.
                   A        B        C        D        E       F      G
               +--------+--------+--------+--------+--------+-----+--------+
         Total |   4169 |   3857 |    312 |    502 |   2460 |   6 |  694.8 |
       Dungeon |   4169 |   3857 |    312 |    502 |   2460 |   6 |  694.8 |
               +--------+--------+--------+--------+--------+-----+--------+

Top non-repeatable levels by time:
     D:3: 1368 daAuts
     D:1: 823 daAuts
     D:2: 812 daAuts
     D:6: 757 daAuts
     D:4: 252 daAuts
     D:7: 155 daAuts
